Map: Echo LE

Players

HouseDIABLO

  • Race: Protoss Protoss
  • Spawn Location: 5:00

Neuro - Winner!

  • Race: Zerg Zerg
  • Spawn Location: 11:00

VOD

http://www.twitch.tv/neurostarcraft/v/3984988

Description

Time

  • Played on: April 3, 2015, 3:29 p.m.
  • Length: 13:24
Show
View Real Time Build Order
Export as new Build Order

HouseDIABLO Protoss 

Build Orders: 1 Gate Expand, Void Ray Immortal, Colossus Rush 

Get SALT Encoding   

  12  0:01  Probe  
  13  0:15  Pylon  
  13  0:17  Probe  
  14  0:33  Probe (Chrono Boost)  
  16  0:43  Probe (Chrono Boost)  
  16  0:46  Gateway  
  16  0:50  Probe  
  17  1:09  Nexus  
  17  1:12  Probe  
  18  1:21  Assimilator  
  18  1:24  Probe  
  19  1:33  Cybernetics Core  
  19  1:38  Pylon  
  19  1:41  Probe  
  20  1:49  Assimilator  
  20  1:54  Probe  
  21  2:06  Probe (Chrono Boost)  
  22  2:13  Adept (Chrono Boost)  
  22  2:14  Warp Gate  
  24  2:18  Probe (Chrono Boost)  
  24  2:22  Pylon  
  26  2:26  Probe x2 (Chrono Boost)  
  27  2:33  Gateway  
  27  2:35  Probe (Chrono Boost)  
  28  2:42  Stalker (Chrono Boost)  
  30  2:45  Probe (Chrono Boost)  
  30  2:50  Probe (Chrono Boost)  
  32  2:58  Probe (Chrono Boost)  
  33  3:04  Probe (Chrono Boost), Robotics Facility  
  35  3:13  Probe (Chrono Boost)  
  35  3:15  Probe (Chrono Boost)  
  36  3:21  Probe (Chrono Boost)  
  36  3:24  Pylon  
  37  3:27  Assimilator  
  37  3:29  Assimilator  
  37  3:31  Probe  
  37  3:33  Probe  
  39  3:43  Probe  
  39  3:45  Probe  
  41  3:55  Probe  
  42  3:57  Probe  
  41  4:04  Immortal  
  41  4:07  Probe, Robotics Bay  
  41  4:09  Probe (Chrono Boost)  
  47  4:13  Pylon  
  47  4:19  Probe (Chrono Boost)  
  47  4:23  Robotics Facility  
  49  4:24  Sentry  
  49  4:25  Sentry  
  49  4:27  Probe (Chrono Boost)  
  49  4:30  Probe (Chrono Boost)  
  54  4:34  Probe (Chrono Boost)  
  54  4:36  Pylon  
  54  4:37  Mothership Core  
  57  4:43  Warp Prism (Chrono Boost)  
  59  4:57  Probe  
  60  5:02  Forge  
  60  5:06  Forge  
  60  5:12  Probe  
  60  5:13  Probe  
  70  5:15  Immortal (Chrono Boost)  
  70  5:23  Disruptor (Chrono Boost)  
  70  5:25  Probe  
  70  5:26  Probe  
  72  5:43  Pylon, Warp Prism  
  72  5:44  Protoss Ground Weapons Level 1  
  72  5:45  Protoss Ground Armor Level 1  
  72  5:46  Disruptor  
  72  5:48  Nexus  
  74  5:51  Pylon  
  74  5:55  Pylon  
  74  5:56  Probe x2  
  76  6:01  Extended Thermal Lance  
  76  6:02  Photon Cannon  
  76  6:08  Probe  
  76  6:09  Probe, Photon Cannon  
  78  6:13  Photon Cannon  
  78  6:21  Probe  
  79  6:29  Probe, Colossus (Chrono Boost)  
  82  6:33  Colossus (Chrono Boost), Probe  
  89  6:43  Probe  
  89  6:45  Probe, Photon Cannon  
  91  6:47  Photon Cannon  
  91  6:55  Probe  
  91  6:57  Probe  
  91  6:59  Pylon  
  93  7:02  Pylon  
  93  7:07  Probe  
  94  7:09  Probe  
  94  7:11  Zealot x2  
  99  7:29  Colossus  
  111  7:31  Probe x2  
  111  7:33  Assimilator  
  111  7:37  Twilight Council  
  113  7:38  Assimilator  
  113  7:42  Gateway  
  113  7:45  Gateway  
  113  7:47  Stalker x2  
  113  7:50  Colossus  
  117  7:52  Probe x2  
  119  7:59  Pylon  
  105  8:13  Probe  
  105  8:14  Probe x2  
  108  8:23  Stalker  
  108  8:24  Stalker  
  112  8:31  Protoss Ground Armor Level 2 (Chrono Boost), Protoss Ground Weapons Level 2 (Chrono Boost)  
  112  8:34  Dark Shrine  
  112  8:38  Pylon  
  112  8:39  Pylon  
  112  8:46  Zealot x2  
  112  8:47  Zealot x2  
  120  8:53  Pylon  
  120  8:56  Pylon  
  120  8:58  Colossus  
  126  9:20  Colossus  
  124  9:25  Stargate  
  124  9:26  Stargate  
  124  9:28  Stargate  
  124  9:31  Nexus  
  124  9:32  Gateway  
  124  9:34  Gateway, Photon Cannon  
  124  9:35  Photon Cannon  
  124  9:37  Photon Cannon  
  124  9:50  Zealot  
  124  9:51  Dark Templar  
  124  9:52  Dark Templar x2  
  132  10:11  Phoenix (Chrono Boost)  
  132  10:12  Phoenix x2 (Chrono Boost)  
  136  10:33  Void Ray x3 (Chrono Boost)  
  136  10:35  Immortal x2  
  152  10:40  Zealot x3  
  152  10:41  Zealot  
  160  10:48  Gateway  
  160  10:50  Gateway, Probe x3  
  160  10:52  Probe, Pylon  
  160  10:54  Pylon  
  164  11:02  Probe x2  
  164  11:03  Probe  
  163  11:04  Probe  
  158  11:14  Probe, Void Ray x2 (Chrono Boost), Immortal (Chrono Boost)  
  158  11:15  Probe x2, Void Ray (Chrono Boost)  
  158  11:16  Probe  
  178  11:21  Dark Templar  
  178  11:23  Photon Cannon  
  180  11:26  Probe, Zealot x2  
  187  11:49  Immortal (Chrono Boost)  
  187  11:51  Void Ray (Chrono Boost)  
  187  11:52  Immortal  
  189  11:55  Void Ray (Chrono Boost)  
  165  12:09  Probe x3  
  164  12:19  Void Ray (Chrono Boost)  
  164  12:21  Probe  
  165  12:27  Void Ray (Chrono Boost)  
  169  12:34  Nexus  
  169  12:38  Pylon x2  
  169  12:45  Pylon  
  169  12:47  Pylon  
  169  12:48  Observer  
Show
View Real Time Build Order
Export as new Build Order

Neuro Zerg - Winner!

Build Orders: Hatch First, Hydra Ultra Viper, Ultralisks 

Get SALT Encoding   

  12  0:02  Drone  
  13  0:13  Overlord  
  13  0:21  Drone  
  14  0:32  Drone x2  
  16  0:37  Drone  
  17  0:52  Hatchery  
  16  0:57  Drone  
  16  0:59  Drone  
  18  1:13  Spawning Pool  
  18  1:15  Drone  
  18  1:19  Drone  
  19  1:33  Drone  
  20  1:48  Hatchery  
  20  1:53  Drone x2  
  21  2:03  Overlord  
  21  2:04  Queen  
  21  2:07  Drone  
  24  2:18  Queen  
  24  2:19  Drone x2  
  28  2:24  Drone  
  28  2:29  Drone  
  30  2:38  Drone  
  30  2:39  Drone, Queen  
  34  2:46  Overlord, Extractor  
  34  2:48  Extractor  
  34  2:50  Drone  
  33  2:57  Drone  
  34  3:01  Drone x2  
  36  3:07  Drone, Queen  
  39  3:13  Drone x2  
  39  3:14  Drone x4  
  39  3:18  Spine Crawler  
  44  3:28  Drone x5  
  44  3:33  Extractor  
  47  3:36  Drone  
  47  3:37  Drone x2  
  50  3:42  Overlord  
  50  3:51  Lair  
  48  4:05  Queen  
  48  4:07  Drone x8  
  58  4:11  Overlord  
  58  4:14  Metabolic Boost  
  58  4:24  Drone, Extractor  
  58  4:26  Overlord  
  58  4:29  Extractor  
  58  4:30  Extractor  
  56  4:31  Drone  
  56  4:32  Drone x6  
  56  4:36  Drone  
  64  4:39  Drone  
  65  4:46  Evolution Chamber  
  65  4:47  Evolution Chamber  
  63  4:53  Drone x5, Hydralisk Den  
  63  4:56  Overseer  
  63  4:58  Overseer  
  67  5:01  Overlord x2  
  67  5:03  Drone x2  
  67  5:04  Drone  
  70  5:07  Drone x2  
  70  5:08  Drone  
  70  5:10  Drone  
  74  5:17  Zerg Melee Weapons Level 1  
  74  5:18  Zerg Ground Armor Level 1  
  74  5:20  Overlord  
  74  5:28  Muscular Augments  
  74  5:29  Drone  
  74  5:31  Drone, Spore Crawler  
  74  5:33  Spore Crawler  
  74  5:34  Drone x2  
  76  5:36  Drone x2  
  78  5:47  Drone x2  
  80  5:50  Roach Warren  
  80  5:53  Hydralisk x4  
  80  5:54  Infestation Pit  
  86  5:59  Hydralisk x3  
  86  6:03  Spore Crawler  
  91  6:09  Overseer  
  91  6:15  Hydralisk x3  
  93  6:33  Drone x5  
  93  6:35  Overlord x3  
  93  6:38  Hive  
  98  6:56  Hatchery, Pneumatized Carapace, Overseer  
  98  6:58  Burrow  
  97  7:09  Drone x3  
  97  7:11  Zerg Melee Weapons Level 2  
  97  7:12  Zerg Ground Armor Level 2  
  97  7:13  Spire  
  99  7:16  Zergling x2  
  99  7:17  Zergling x40  
  119  7:26  Drone x4  
  122  8:00  Overlord x9  
  122  8:01  Adrenal Glands  
  122  8:04  Ultralisk Cavern  
  119  8:29  Mutalisk x3  
  119  8:30  Mutalisk  
  119  8:32  Overseer  
  127  8:36  Hatchery  
  127  8:39  Hatchery, Viper x3  
  134  8:54  Chitinous Plating  
  134  8:58  Extractor  
  133  9:02  Extractor  
  132  9:15  Spore Crawler, Spine Crawler  
  132  9:16  Spine Crawler  
  127  9:26  Drone x3  
  127  9:27  Drone x3  
  133  9:32  Ultralisk x5  
  163  9:52  Zerg Melee Weapons Level 3  
  163  9:54  Zergling x44  
  163  9:55  Zergling x2  
  163  9:58  Extractor  
  185  10:01  Extractor  
  184  10:25  Zerg Ground Armor Level 3  
  184  10:28  Overseer  
  182  10:32  Spore Crawler  
  182  10:33  Overseer  
  181  10:41  Overlord  
  181  10:42  Overlord x3  
  181  11:10  Nydus Network  
  152  12:07  Zergling x44  
  152  12:08  Zergling x28  
  135  12:26  Ultralisk x2  
  135  12:27  Ultralisk x7  
  189  12:44  Nydus Canal  
Tags
 
Add a new tag
Caveats
  • Supply blocks, unpowered buildings, or Contaminate may cause inaccurate times.
  • Supply counts are checked every 10 seconds.